 Dungeon Crawl Stone Soup version 0.31-a0-986-g5e6e4ef867 (webtiles) character file.

Game seed: 966796121277218022

65 Maratek the Trooper (level 3, 0/29 HPs)
             Began as a Demonspawn Fighter on Nov 3, 2023.
             Slain by an orc
             ... wielding a +0 short sword
              (4 damage)
             ... on level 2 of the Dungeon.
             The game lasted 00:03:34 (1292 turns).

Maratek the Trooper (Demonspawn Fighter)            Turns: 1292, Time: 00:03:35

Health: 0/29       AC:  6    Str: 18    XL:     3   Next: 94%
Magic:  3/3        EV: 11    Int:  9    God:
Gold:   99         SH:  0    Dex: 12    Spells: 2/2 levels left

rFire   . . .        a - +0 war axe
rCold   . . .        c - +0 buckler
rNeg    . . .        b - +0 scale mail
rPois   +            (no helmet)
rElec   .            (no cloak)
rCorr   .            (no gloves)
SInv    .            (no boots)
Will    .....        (no amulet) Stlth
                     f - ring of poison resistance
HPRegen 0.24/turn    (no ring)
MPRegen 0.08/turn

%: no passive effects
@: confused, mighty
A: hooves 1, repulsion field 1
a: no special abilities


You were on level 2 of the Dungeon.
You visited 1 branch of the dungeon, and saw 2 of its levels.

You collected 99 gold pieces.

Inventory:

Hand Weapons
 a - a +0 war axe (weapon)
Armour
 b - a +0 scale mail (worn)
 c - a +0 buckler (worn)
Jewellery
 f - a ring of poison resistance (left hand)
Wands
 k - a wand of roots (6)
Scrolls
 h - a scroll of poison
 i - a scroll of summoning {unknown}
 l - a scroll of enchant weapon {unknown}
Potions
 e - a potion of cancellation {unknown}
 g - a potion of heal wounds {unknown}
 j - 2 potions of degeneration {unknown}


   Skills:
 + Level 3.3 Fighting
 + Level 2.6 Axes
 + Level 3.2 Armour
 + Level 0.2 Stealth
 + Level 3.1 Shields


You had 2 spell levels left.
You didn't know any spells.
Your spell library was empty.

Dungeon Overview and Level Annotations

Branches:
Dungeon (2/15)

Altars:

Shops:
D:1 (:(   D:2 *


Innate Abilities, Weirdness & Mutations

You have large cloven feet.
You are surrounded by a mild repulsion field. (EV +2)


Message History

Unknown command.
You are too confused!
You are too confused!
You are too confused!
You are too confused!
Unknown command.
The orc hits you with a +0 short sword. The orc wizard casts a spell at you.
You resist with significant effort.
You see here a +0 dagger.
You slash the orc wizard!
The orc wizard is heavily wounded.
You hit the orc. The orc hits you with a +0 short sword.
The orc wizard closely misses you.
The orc wizard points at you and mumbles some strange words.
You resist with significant effort.
The orc wizard hits you but does no damage.
You miss the orc wizard. Your kick misses the orc wizard.
The orc wizard is heavily wounded.
You hit the orc but do no damage.
The orc wizard points at you and mumbles some strange words.
You are more confused.
The orc hits you with a +0 short sword.
The orc wizard hits you but does no damage.
The orc hits you with a +0 short sword.
You bump into the rock wall.
The orc priest mumbles some strange prayers to Beogh against you.
Beogh smites you!
Ouch! That really hurt!
* * * LOW HITPOINT WARNING * * *
The orc wizard casts a spell at you.
You are more confused.
The orc hits you but does no damage.
You feel very mighty all of a sudden.
The orc wizard hits you but does no damage.
The orc hits you but does no damage.
You barely miss the orc wizard. You kick the orc wizard!
You kill the orc wizard!
You hit the orc. The orc hits you with a +0 short sword.
You die...

#.####..# #
#.......# ##.
.....###.##
#... #.##.#
#.# ...# #.#.#
#.# o.#. #.#
#.# #
#.###.###.#
#.##o).......#
#..@oo...#####
##########


You could see an orc priest and 2 orcs.

Vanquished Creatures
  An orc wizard (D:2)
  An adder (D:2)
  A worm (D:2)
  A dart slug (D:1)
  8 ball pythons
  2 bats (D:1)
  3 endoplasms
  3 giant cockroaches
  5 goblins
  3 hobgoblins
  4 jackals (D:2)
  7 kobolds
  2 quokkas
  3 frilled lizards (D:2)
  4 rats
48 creatures vanquished.

Notes
Turn   | Place    | Note
-------+----------+-------------------------------------------
     0 | D:1      | Maratek the Demonspawn Fighter began the quest for the Orb.
     0 | D:1      | Reached XP level 1. HP: 18/18 MP: 1/1
    81 | D:1      | Found Erchakk's Book Shop.
    88 | D:1      | Found Tiubaniff's Weapon Shoppe.
    94 | D:1      | Gained mutation: You are surrounded by a mild repulsion
                  | field. (EV +2) [demonic ancestry]
    94 | D:1      | Reached XP level 2. HP: 23/24 MP: 2/2
    97 | D:1      | Found Gimuluen's Weapon Shop.
   700 | D:2      | Gained mutation: You have large cloven feet. [demonic
                  | ancestry]
   700 | D:2      | Reached XP level 3. HP: 29/29 MP: 3/3
  1062 | D:2      | Found Letyl's Assorted Antiques.
  1292 | D:2      | Slain by an orc

Illustrated notes

Levels and vault maps discovered:
D:1:      co_arrival_square_in_a_square_in_a_square, layout_rooms, serial_shops,
          nicolae_shop_bloodbath_and_beyond, nicolae_shop_statue_plus, shop,
          glass_columns_a
D:2:      minmay_inner_zag, layout_loops_corners, serial_shops,
          nicolae_shop_peninsula, skrybe_limestone_x,
          chequers_serial_rivers_micro_e, uniq_crazy_yiuf_cottage

Skill      XL: |  1  2 |
---------------+-------+-----
Armour         | 3 |  3.2
Shields        | 3 |  3.1
Axes           | 2 |  2.6
Fighting       | |  3.3
Stealth        | |  0.2

Action                     || total
---------------------------++-------
  Melee: War axe           ||   108
         Kick              ||    15
    Use: Scroll            ||     2
         Potion            ||     1
 Armour: Scale mail        ||    66
  Dodge: Dodged            ||    67
  Block: Buckler           ||    22

Table legend: (Time is in decaauts)
 A = Elapsed time spent in this place.
 B = Non-inter-level travel time spent in this place.
 C = Inter-level travel time spent in this place.
 D = Time resting spent in this place.
 E = Time spent auto-exploring this place.
 F = Levels seen in this place.
 G = Mean time per level.
                   A        B        C        D        E       F      G
               +--------+--------+--------+--------+--------+-----+--------+
         Total |   1336 |   1295 |     41 |      0 |   1012 |   2 |  668.0 |
       Dungeon |   1336 |   1295 |     41 |      0 |   1012 |   2 |  668.0 |
               +--------+--------+--------+--------+--------+-----+--------+

Top non-repeatable levels by time:
     D:2: 826 daAuts
     D:1: 509 daAuts
